 Dungeon Crawl Stone Soup version 0.22-a0-284-g99d1f74 (webtiles) character file.

16 4thArraOfDagon the Slasher (level 2, -2/22 HPs)
             Began as a Formicid Warper on Mar 21, 2018.
             Was an Initiate of Ru.
             Slain by a hornet (15 damage)
             ... on level 7 of the Dungeon.
             The game lasted 00:02:23 (583 turns).

4thArraOfDagon the Slasher (Formicid Warper)         Turns: 583, Time: 00:02:24

Health: -2/22      AC:  3    Str: 15    XL:     2   Next: 70%
Magic:  5/5        EV: 11    Int: 12    God:    Ru [......]
Gold:   74         SH:  0    Dex: 10    Spells: 3/5 levels left

rFire    . . .     SeeInvis +   a - +0 falchion
rCold    . . .     Gourm    .   (no shield)
rNeg     . . .     Faith    .   b - +0 leather armour
rPois    .         Spirit   .   (helmet unavailable)
rElec    .         Reflect  .   (no cloak)
rCorr    .         Harm     .   (no gloves)
MR       .....                  (no boots)
Stlth    +.........             l - amulet of magic regeneration
HPRegen  0.07/turn              (no ring)
MPRegen  0.34/turn              (no ring)

@: no status effects
A: permanent stasis, dig shafts and tunnels, four strong arms, antennae 3
a: Dig, Shaft Self, Renounce Religion


You were on level 7 of the Dungeon.
You worshipped Ru.
Ru was noncommittal.
You were not hungry.

You visited 1 branch of the dungeon, and saw 6 of its levels.

You collected 74 gold pieces.

Inventory:

Hand Weapons
 a - a +0 falchion (weapon)
 k - a +0 long sword
Missiles
 e - 5 tomahawks of dispersal (quivered)
Armour
 b - a +0 leather armour (worn)
 d - a +0 ring mail
Jewellery
 l - an amulet of magic regeneration (around neck)
Wands
 c - a wand of digging (15)
Scrolls
 i - 2 scrolls of enchant weapon {unknown}
 j - a scroll of fear {unknown}
 m - a scroll of fog {unknown}
 n - a scroll of teleportation {unknown}
Potions
 g - a potion of heal wounds
 h - a potion of lignification {unknown}
 o - a potion of curing
Comestibles
 f - a ration


   Skills:
 - Level 2.1 Fighting
 * Level 3.1 Long Blades
 - Level 1.0 Throwing
 - Level 1.1 Armour
 - Level 1.7 Dodging
 - Level 2.1 Spellcasting
 - Level 2.6 Translocations


You had 3 spell levels left.
You knew the following spells:

 Your Spells              Type           Power        Failure   Level  Hunger
a - Shroud of Golubria    Chrm/Tloc      #.........   28%         2    ###....


Dungeon Overview and Level Annotations

Branches:
Dungeon (4/15)
 Temple: D:4-7

Altars:
Ru
Vehumet


Innate Abilities, Weirdness & Mutations

You cannot be hasted, slowed, berserked, paralysed or teleported.
You can dig through walls and to a lower floor.
Your four strong arms can wield two-handed weapons with a shield.
You have a pair of large antennae on your head. (SInv)


Message History

You feel quite a bit more hungry. The orc hits you.
You begin to dig a shaft.
You continue digging a shaft.
The orc closely misses you. A shaft appears beneath you!
You fall through a shaft!
The shaft crumbles and collapses.
A hornet and a zombie come into view.
The hornet buzzes angrily.
Found 11 gold pieces.
Unknown command.
Okay, then.
The hound zombie barely misses you.
You riposte.
You barely miss the hound zombie.
Unknown command.
Okay, then.
Are you sure you want to shaft yourself?
You feel quite a bit more hungry. The hound zombie bites you.
The hornet stings you!
Ouch! That really hurt!
You die...

## #
#. .#
#.#
.#..#
....
#..#
#..#
#@Z#
#y.#
#..#
{
#.$#
#...
##.#.
.#..
## .#
..


You could see a hornet and a hound zombie.

Vanquished Creatures
  An ooze (D:1)
  2 bats
  A goblin (D:3)
  2 hobgoblins
  2 kobolds
  4 rats
12 creatures vanquished.

Notes
Turn   | Place    | Note
-------+----------+-------------------------------------------
     0 | D:1      | 4thArraOfDagon the Formicid Warper began the quest for the Orb.
     0 | D:1      | Reached XP level 1. HP: 16/16 MP: 3/3
   129 | D:1      | Reached XP level 2. HP: 10/22 MP: 5/5
   267 | D:2      | Reached skill level 3 in Long Blades
   338 | D:3      | Learned a level 2 spell: Shroud of Golubria
   414 | D:3      | Found a radiant altar of Vehumet.
   548 | D:4      | You fall through a shaft for 2 floors!
   555 | D:6      | Noticed an orc warrior
   563 | D:6      | Found a sacrificial altar of Ru.
   571 | D:6      | Became a worshipper of Ru the Awakened
   581 | D:6      | You fall through a shaft!
   581 | D:7      | Noticed a hornet
   583 | D:7      | Slain by a hornet

Vault maps used:
D:1:      sevenhm_arrival_forest_fort_large_1, hangedman_decor_growths
D:2:      lemuel_doored_altar, nicolae_overflow_crystal_walls, first_ration,
          st_stairs_6, uniq_sigmund
D:3:      minmay_goblin_kobold_castle, overflow_temple_1_default
D:4:      minitemple, minmay_temple_entry_enclosed_plants
D:6:      nicolae_ru_sacrificial_ziggurat, nicolae_sextant
D:7:      overflow_temple_1_default, abandoned_shop, grunt_ogre_cave,
          palyth_stone_intersect

Skill      XL: |  1  2 |
---------------+-------+-----
Long Blades    | 3 |  3.1
Fighting       | |  2.1
Throwing       | |  1.0
Armour         | |  1.1
Dodging        | |  1.7
Spellcasting   | |  2.1
Translocations | |  2.6

Action                   || total
-------------------------++-------
Melee: Falchion          ||    39
 Abil: Dig               ||     1
       Shaft Self        ||     3
  Use: Scroll            ||     3
       Potion            ||     1
Armor: Leather armour    ||     6
Dodge: Dodged            ||    31
       Rpst.: Falchion   ||    12

Table legend:
 A = Spawn XP
 B = Non-spawn XP
 C = Spawn XP percentage of total XP
 D = Spawn monster count
 E = Non-spawn monster count
 F = Spawn count percentage of total count
 G = Total turns spent on level
                    A         B        C        D         E        F      G
               +---------+---------+-------+---------+---------+-------+---------
         Total |       0 |      23 |   0.0 |       0 |      12 |   0.0 |   583
               +---------+---------+-------+---------+---------+-------+---------
           D:1 |       0 |      16 |   0.0 |       0 |       7 |   0.0 |   242
           D:2 |       0 |       3 |   0.0 |       0 |       2 |   0.0 |    51
           D:3 |       0 |       4 |   0.0 |       0 |       3 |   0.0 |   169
               +---------+---------+-------+---------+---------+-------+---------
